 Dungeon Crawl Stone Soup version 0.29.1 (webtiles) character file.

Game seed: 6123539205907324465

15351 masschaos23 the Cleaver (level 12, -11/110 HPs)
             Began as a Hill Orc Fighter on Sept 13, 2022.
             Was a Follower of Beogh.
             Mangled by an orc knight
             ... wielding a +2 war axe
              (32 damage)
             ... on level 2 of the Orcish Mines.
             The game lasted 01:01:53 (15626 turns).

masschaos23 the Cleaver (Hill Orc Fighter)         Turns: 15626, Time: 01:02:03

Health: -11/110    AC: 25    Str: 28    XL:     12   Next: 26%
Magic:  0/12       EV:  8    Int:  4    God:    Beogh [*.....]
Gold:   718        SH:  6    Dex: 10    Spells: 11/11 levels left

rFire   + . .      SeeInvis .   R - +2 hand axe (venom)
rCold   . . .      Faith    .   c - +0 buckler
rNeg    . . .      Spirit   +   z - +4 chain mail "Kefijask" {Str+4 Int-4 Stlth+}
rPois   .          Reflect  .   n - +2 helmet
rElec   .          Harm     .   o - scarf {repulsion}
rCorr   .          Rampage  .   m - +0 pair of gloves
Will    .....                   (no boots)
Stlth   ..........              Q - amulet of guardian spirit
HPRegen 0.28/turn               N - ring of protection from fire
MPRegen 0.13/turn               s - +4 ring of protection

@: lethally poisoned (-11 -> -31), about to teleport, repel missiles
A: hooves 1
a: Renounce Religion


You were on level 2 of the Orcish Mines.
You worshipped Beogh.
Beogh was aware of your devotion.
You visited 2 branches of the dungeon, and saw 11 of its levels.
You also visited: Ossuary.

You collected 973 gold pieces.
You spent 255 gold pieces at shops.

Inventory:

Hand Weapons
 d - a +1 war axe of flaming
 A - a +2 long sword of electrocution
 G - a +2 scimitar of holy wrath
 J - a +5 giant club
 K - a +4 dagger
 R - a +2 hand axe of venom (weapon)
 W - a +4 quarterstaff of chaos
Missiles
 i - 6 throwing nets
 r - 16 boomerangs
 F - 26 poisoned darts
 H - 4 atropa-tipped darts
 S - a javelin
Armour
 c - a +0 buckler (worn)
 m - a +0 pair of gloves (worn)
 n - a +2 helmet (worn)
 o - a scarf of repulsion (worn)
 y - a +4 chain mail
 z - the +4 chain mail "Kefijask" (worn) {Str+4 Int-4 Stlth+}
   (You bought it in a shop on level 3 of the Dungeon)

   Str:       It affects your strength (+4).
   Int:       It affects your intelligence (-4).
   Stlth:     It makes you more stealthy.
 L - a +0 troll leather armour
 U - a +2 robe of willpower
 V - a +0 leather armour
Jewellery
 g - a ring of flight
 s - a +4 ring of protection (right hand)
 w - an amulet of magic regeneration
 M - a ring of willpower
 N - a ring of protection from fire (left hand)
 Q - an amulet of guardian spirit (around neck)
Wands
 a - a wand of mindburst (7) (quivered)
 t - a wand of polymorph (3)
 P - a wand of flame (30)
 Z - a wand of charming (2)
Scrolls
 b - a scroll of vulnerability
 e - 7 scrolls of teleportation
 l - 3 scrolls of summoning {unknown}
 q - a scroll of fear
 u - a scroll of butterflies
 x - 2 scrolls of identify
 B - 2 scrolls of poison
 E - 2 scrolls of noise
 O - a scroll of brand weapon
Potions
 f - a potion of magic
 h - 2 potions of flight
 j - 2 potions of degeneration
 k - 2 potions of ambrosia
 p - a potion of curing
 v - 7 potions of brilliance
 C - a potion of haste
 D - 2 potions of cancellation
 I - 2 potions of attraction {unknown}
 T - 2 potions of berserk rage {unknown}


   Skills:
 + Level 11.0 Fighting
 + Level 14.6 Axes
 + Level 3.0 Throwing
 + Level 11.4 Armour
 + Level 2.1 Stealth
 + Level 9.4 Shields
 + Level 2.0 Evocations


You had 11 spell levels left.
You didn't know any spells.
Your spell library contained the following spells:

 Spells                   Type           Power      Damage    Failure   Level
 Foxfire                  Conj/Fire      0%         2x1d4     96%         1
 Freeze                   Ice            0%         1d3       96%         1
 Necrotise                Necr           0%         1d4       96%         1
 Shock                    Conj/Air       0%         1d3       96%         1
 Static Discharge         Conj/Air       0%         3-3/arc   99%         2
 Conjure Flame            Conj/Fire      0%         6-21      100%        3
 Frozen Ramparts          Ice            0%         1d1       100%        3
 Ignite Poison            Fire/Tmut/Pois 0%         N/A       100%        3
 Inner Flame              Hex/Fire       0%         N/A       100%        3
 Swiftness                Air            0%         N/A       100%        3
 Vampiric Draining        Necr           0%         2d6       100%        3
 Airstrike                Air            0%         2d(0-16)  100%        4
 Cause Fear               Hex            0%         N/A       100%        4
 Flame Wave               Conj/Fire      0%         2d4       100%        4
 Hailstorm                Conj/Ice       0%         3d3       100%        4
 Passage of Golubria      Tloc           0%         N/A       100%        4
 Sticky Flame             Conj/Fire      0%         2d3       100%        4
 Agony                    Necr           0%         N/A       100%        5
 Lightning Bolt           Conj/Air       0%         1d11      100%        5
 Silence                  Hex/Air        0%         N/A       100%        5
 Discord                  Hex            0%         N/A       100%        8
 Lehudib's Crystal Spear  Conj/Erth      0%         10d2      100%        8
 Maxwell's Capacitive Co  Air            0%         ∞         100%        8


Dungeon Overview and Level Annotations

Branches:
Dungeon (9/15)             Temple (0/1) D:5             Orc (2/2) D:9
    Elf (0/3) Orc:2       Ossuary (visited)
   Lair: D:8-11

Altars:
Ashenzari
Fedhas
Gozag
Nemelex Xobeh
Okawaru
Qazlal
Ru
Trog
Uskayaw
Vehumet
Wu Jian
Yredelemnul

Shops:
D:3 ?[[=   Orc:2 (=

Annotations:
D:8 1 transporter


Innate Abilities, Weirdness & Mutations

You have large cloven feet.


Message History

The orc warlord is lightly wounded.
The orc warlord hits you but does no damage.
You are poisoned.
You barely miss the orc warlord.
The orc warlord is lightly wounded.
You feel sick.
You slash the orc warlord!
You kick the orc warlord, but do no damage.
The orc warlord is lightly wounded.
You barely miss the orc knight.
You feel sick. You block the orc warlord's attack.
The orc knight unwields a +0 arbalest.
The orc knight wields a +2 war axe.
You block the orc knight's attack.
Throw: 6 throwing nets
Press: ? - help, Q - select action, (/) - cycle Shift-Dir - straight line, f - orc knight
Aim: an orc knight, wielding a +2 war axe and wearing a +0 chain mail (strong, 60% to hit)
Okay, then.
Aiming: Charm
Press: ? - help, Q - select action, (/) - cycle Shift-Dir - straight line, f - orc knight
Aim: an orc knight, wielding a +2 war axe and wearing a +0 chain mail (strong, chance to affect: 37%)
Okay, then.
Aiming: Polymorph
Press: ? - help, Q - select action, (/) - cycle Shift-Dir - straight line, f - orc warlord
Aim: an orc warlord, wielding a +2 dire flail of venom and wearing a +0 plate armour (lightly wounded, strong, extremely poisoned, will become a goliath frog, a quicksilver dragon, or a death yak, chance to affect: 21%)
Okay, then.
Aiming: Mindburst
Press: ? - help, Q - select action, (/) - cycle Shift-Dir - straight line, f - orc knight
Aim: an orc knight, wielding a +2 war axe and wearing a +0 chain mail (strong, chance to affect: 57%)
The orc knight's mind is blasted!
You feel sick.
The orc warlord hits you with a +2 dire flail of venom!!
* * * LOW HITPOINT WARNING * * *
You are more poisoned.
You hear a shout!
As you read the scroll of teleportation, it crumbles to dust.
You feel strangely unstable.
* * * LOW HITPOINT WARNING * * *
You feel very sick.
The orc knight hits you with a +2 war axe!!!
You die...
Beogh appreciates the orc knight's killing of a heretic priest.

........P.P..P
....................
.....#...P.........
#...........8......
#.............∩....
###.................
##.##........P.......
#...........P.....P.. .
#.o@.........P.....P
....#.#o)...............
........#.##............
.P.......###............
...P.....................
........................#
......#.#......8.........
..P..#............P.P...#
....##........∩.....#.##


You could see an orc warlord (strong, very poisoned) and an orc knight (strong).

Vanquished Creatures
  Gastronok (D:8)
  An ettin (Orc:1)
  Harold (D:9)
  Erolcha (Orc:2)
  3 orc high priests
  Amaemon (D:8)
  An orc knight (Orc:1)
  2 orc sorcerers
  An orange demon (D:8)
  4 trolls
  Grinder (D:6)
  A hornet (D:9)
  2 shadows (D:9)
  2 wraiths
  Grum (D:8)
  A steam dragon (D:6)
  3 wargs
  2 water moccasins
  15 orc warriors
  2 black bears
  A sky beast (D:7)
  3 ice beasts
  2 ogres (Orc:1)
  4 wolves (D:8)
  2 centaurs
  5 phantoms
  2 kobold brigands
  2 bullfrogs
  A wyvern zombie (D:6)
  5 scorpions
  A water moccasin zombie (D:6)
  13 wights
  A water moccasin skeleton (D:6)
  2 troll zombies (D:9)
  3 killer bees (D:8)
  An electric eel (D:6)
  3 howler monkeys
  3 centaur zombies (D:6)
  4 jellies
  3 hounds
  4 bullfrog zombies (D:6)
  4 orc priests
  Crazy Yiuf (D:3)
  2 gnoll boudas
  2 iguanas
  4 orc wizards
  5 killer bee zombies (D:6)
  4 ogre zombies (D:9)
  3 mummies (Ossuary)
  Robin (D:2)
  16 gnolls
  5 adders
  A shadow imp (D:8)
  A white imp (D:6)
  An ufetubus (D:5)
  A worm (D:4)
  4 dart slugs
  23 orcs
  7 ball pythons
  9 endoplasms
  4 giant cockroaches
  12 goblins
  10 hobgoblins
  4 jackals (D:3)
  5 bats
  5 frilled lizards
  A goblin skeleton (D:9)
  2 goblin zombies (Ossuary)
  A hobgoblin skeleton (D:9)
  7 hobgoblin zombies (Ossuary)
  15 kobolds
  3 orc skeletons (D:9)
  11 orc zombies
  6 rats
291 creatures vanquished.

Vanquished Creatures (others)
  An orc wizard (Orc:1)
  A goblin skeleton (D:9)
  A goblin zombie (D:9)
  2 orc zombies (D:9)
  A bush (D:8)
  13 fungi
  2 plants (D:4)
  9 withered plants (D:6)
30 creatures vanquished.

Grand Total: 321 creatures vanquished

Notes
Turn   | Place    | Note
-------+----------+-------------------------------------------
     0 | D:1      | masschaos23 the Hill Orc Fighter began the quest for the
                  | Orb.
     0 | D:1      | Reached XP level 1. HP: 19/19 MP: 1/1
   169 | D:1      | Reached XP level 2. HP: 27/27 MP: 2/2
   369 | D:1      | Reached XP level 3. HP: 32/33 MP: 3/3
   468 | D:1      | Reached skill level 3 in Axes
   843 | D:2      | Noticed Robin
   881 | D:2      | Killed Robin
   894 | D:2      | Reached XP level 4. HP: 10/39 MP: 4/4
  2122 | D:3      | Found Vodoam's Antique Armour Shoppe.
  2126 | D:3      | Found Hifek Heu's Armour Boutique.
  2217 | D:3      | Found Riom's Jewellery Emporium.
  2306 | D:3      | Found Vejufizurch's Magic Scroll Emporium.
  2405 | D:3      | Found a runed translucent door.
  2406 | D:3      | Noticed Crazy Yiuf
  3226 | D:3      | Bought a heavily runed chain mail for 171 gold pieces
  3226 | D:3      | Identified the +4 chain mail "Kefijask" {Str+4 Int-4
                  | Stlth+} (You bought it in a shop on level 3 of the Dungeon)
  3498 | D:4      | Reached XP level 5. HP: 47/47 MP: 5/5
  3506 | D:4      | Reached skill level 5 in Fighting
  3506 | D:4      | Reached skill level 4 in Axes
  3855 | D:4      | Found a sparkling altar of Nemelex Xobeh.
  4338 | D:5      | Entered Level 5 of the Dungeon
  4338 | D:5      | Noticed a black bear
  4342 | D:5      | Killed a black bear
  4343 | D:5      | Reached XP level 6. HP: 56/56 MP: 6/6
  4353 | D:5      | Noticed a water moccasin
  4355 | D:5      | Found a staircase to the Ecumenical Temple.
  4355 | D:5      | Noticed an ice beast
  4374 | D:4      | Killed a water moccasin
  4375 | D:4      | Reached skill level 5 in Axes
  4375 | D:4      | Reached skill level 5 in Armour
  4614 | D:5      | Killed an ice beast
  4615 | D:5      | Reached XP level 7. HP: 51/61 MP: 7/7
  4638 | D:5      | Reached skill level 5 in Shields
  4735 | D:5      | Reached skill level 6 in Axes
  5007 | D:5      | Reached skill level 1 in Throwing
  5061 | D:5      | Reached skill level 7 in Axes
  5061 | D:5      | Reached XP level 8. HP: 61/70 MP: 8/8
  5464 | D:4      | You are sucked into a shaft and drop 3 floors!
  5570 | D:6      | Found a sand-covered staircase.
  5576 | Ossuary  | Entered an ossuary
  5576 | Ossuary  | Noticed a wraith
  5576 | Ossuary  | Noticed a wraith
  5576 | Ossuary  | Noticed a wraith
  5951 | Ossuary  | Noticed a wraith
  5977 | Ossuary  | Killed a wraith
  6265 | D:6      | Reached skill level 8 in Axes
  6268 | D:6      | Identified the +1 leather armour of Esyibb {+Blink rF-
                  | rCorr}
  6396 | D:6      | Noticed Grinder
  6408 | D:6      | Reached skill level 9 in Axes
  6408 | D:6      | Reached XP level 9. HP: 57/78 MP: 9/9
  6414 | D:6      | Paralysed by Grinder for 5 turns
  6429 | D:6      | Paralysed by Grinder for 4 turns
  6436 | D:6      | Killed Grinder
  6656 | D:6      | Reached skill level 10 in Axes
  7573 | D:6      | Found a hide-covered altar of Uskayaw.
  7576 | D:6      | Found an opulent altar of Gozag.
  7576 | D:6      | Found a sacrificial altar of Ru.
  7580 | D:6      | Found an ornate altar of the Wu Jian Council.
  8189 | D:3      | Bought a scroll of identify for 28 gold pieces
  8189 | D:3      | Bought a scroll of identify for 28 gold pieces
  8189 | D:3      | Bought a scroll of identify for 28 gold pieces
  8601 | D:3      | Killed Crazy Yiuf
  8869 | D:7      | Reached skill level 11 in Axes
  8968 | D:7      | Reached XP level 10. HP: 56/88 MP: 10/10
  9434 | D:7      | Found a bloodstained altar of Trog.
  9434 | D:7      | Found a blossoming altar of Fedhas.
  9435 | D:7      | Found a basalt altar of Yredelemnul.
  9482 | D:7      | Found a broken altar of Ashenzari.
  9637 | D:8      | Noticed Gastronok
  9729 | D:8      | Noticed Amaemon
  9732 | D:8      | Noticed an orange demon
  9775 | D:8      | Killed an orange demon
  9798 | D:8      | Killed Amaemon
  9799 | D:8      | Reached skill level 12 in Axes
 10027 | D:8      | Reached skill level 1 in Stealth
 10368 | D:8      | Found a transporter.
 10373 | D:8      | Found a transporter.
 10375 | D:8      | Found a transporter.
 10379 | D:8      | Found a transporter.
 10517 | D:8      | Killed Gastronok
 10518 | D:8      | Reached skill level 1 in Evocations
 10687 | D:8      | Found a stormy altar of Qazlal.
 10697 | D:8      | Found an iron altar of Okawaru.
 10869 | D:8      | Noticed Grum
 10878 | D:8      | Killed Grum
 10879 | D:8      | Reached skill level 13 in Axes
 11134 | D:9      | Noticed Harold
 11151 | D:9      | Killed Harold
 11152 | D:9      | Reached XP level 11. HP: 78/97 MP: 11/11
 11184 | D:9      | Identified the +2 robe "Ralozxesem" {Int+8}
 11484 | D:9      | Found a staircase to the Orcish Mines.
 11858 | D:9      | Became a worshipper of Beogh the Brigand
 12705 | Orc:1    | Entered Level 1 of the Orcish Mines
 12705 | Orc:1    | Noticed an orc high priest
 12733 | Orc:1    | Killed an orc high priest
 12734 | Orc:1    | Reached skill level 14 in Axes
 12751 | Orc:1    | Reached * piety under Beogh
 13150 | Orc:2    | Entered Level 2 of the Orcish Mines
 13150 | Orc:2    | Noticed an orc high priest
 13150 | Orc:2    | Noticed an orc knight
 13150 | Orc:2    | Noticed an orc sorcerer
 13150 | Orc:2    | Found Aharuxof's Jewellery Shoppe.
 13179 | Orc:1    | Reached skill level 10 in Armour
 13340 | Orc:1    | Killed an orc knight
 13860 | Orc:2    | Reached skill level 10 in Fighting
 13864 | Orc:2    | Noticed an orc sorcerer
 13876 | Orc:1    | Gained mutation: You have large cloven feet. [potion of
                  | mutation]
 13876 | Orc:1    | Gained mutation: You are robust. (+10% HP) [potion of
                  | mutation]
 13876 | Orc:1    | Lost mutation: You are robust. (+10% HP) [potion of
                  | mutation]
 13957 | Orc:2    | Noticed an ettin
 14214 | Orc:1    | Killed an orc high priest
 14364 | Orc:1    | Killed an ettin
 14369 | Orc:1    | Killed an orc sorcerer
 14370 | Orc:1    | Reached XP level 12. HP: 41/107 MP: 4/12
 15332 | Orc:2    | Found Ycesarov's Antique Weapon Shop.
 15367 | Orc:2    | Found a radiant altar of Vehumet.
 15371 | Orc:2    | Found a staircase to the Elven Halls.
 15497 | Orc:2    | Noticed Erolcha
 15511 | Orc:2    | Killed Erolcha
 15595 | Orc:2    | Noticed an orc high priest
 15607 | Orc:2    | Noticed an orc warlord
 15617 | Orc:2    | Killed an orc high priest
 15626 | Orc:2    | Mangled by an orc knight

Illustrated notes

Levels and vault maps discovered:
D:1:      minmay_arrival_four_circles, layout_loops_ring, kennysheep_minor_cross
D:2:      layout_loops_cross, minivault_14, minivault_23,
          chequers_serial_rivers_room_b, kennysheep_nub, minmay_circled_x,
          uniq_robin
D:3:      layout_basic, serial_shops, shop, shop, nicolae_shop_crystal,
          nicolae_shop_hallway_stairs, minmay_puff, uniq_crazy_yiuf_cottage
D:4:      layout_basic, mainiacjoe_overflow_alcove_4, serial_forest,
          infiniplex_forest_straight_4, infiniplex_forest_clump_double,
          infiniplex_forest_3_way, infiniplex_forest_lined_room_,
          infiniplex_forest_zigzag_2, infiniplex_forest_corner_1,
          infiniplex_forest_lined_corner, infiniplex_forest_lined_2,
          nicolae_figureground_sparkle
D:5:      layout_basic, temple_fountains, hangedman_abyss_or_decor_stagger,
          due_unseen_surprise
D:6:      layout_loops_ring, grunt_temple_overflow_open, serial_undead,
          serial_undead_f, serial_undead_f, serial_undead_e, serial_undead_f,
          serial_undead_b, serial_undead_c, serial_undead_b,
          nicolae_ossuary_entry_plus, uniq_grinder
D:7:      layout_cave_pools, gammafunk_temple_overflow_claw,
          mainiacjoe_overflow_alcove_2
D:8:      layout_rooms, mainiacjoe_overflow_boulevard, okawaru_trees_2,
          grunt_ministairs_7, nicolae_diode_intersection, uniq_gastronok,
          uniq_amaemon, uniq_grum
D:9:      layout_roguey, zombieorc1_lemuel, uniq_harold
Orc:1:    layout_caves, uniq_sonja
Orc:2:    grunt_orc_gardens, layout_caves, grunt_orc_garden, grunt_orc_garden,
          grunt_orc_garden, grunt_orc_garden, basic_altar, uniq_erolcha

Skill      XL: |  1  2  3  4  5  6  7  8  9 10 11 12 |
---------------+-------------------------------------+-----
Fighting       | 4 5 6 7 9 10 11 | 11.0
Axes           | 3 4 5 7 9 11 13 14 | 14.6
Armour         | 4 5 6 7 9 11 | 11.4
Shields        | 4 5 6 7 8 9 |  9.4
Throwing       | 1 2 3 |  3.0
Stealth        | 1 2 |  2.1
Evocations     | 1 2 |  2.0

Action                   |  1- 3 |  4- 6 |  7- 9 | 10-12 || total
-------------------------+-------+-------+-------+-------++-------
Melee: War axe           |   100 |   167 |    94 |    27 ||   388
       Hand axe          |       |       |   321 |   504 ||   825
       Kick              |       |       |       |    40 ||    40
Throw: Boomerang         |       |     3 |    27 |       ||    30
       Javelin           |       |     3 |    12 |     1 ||    16
       Dart              |       |       |     1 |     6 ||     7
Invok: Convert to Beogh  |       |       |       |     1 ||     1
Evoke: Wand              |       |       |       |    19 ||    19
  Use: Scroll            |       |     4 |    10 |     6 ||    20
       Potion            |       |     1 |     1 |     9 ||    11
 Stab: Invisible         |       |       |       |     3 ||     3
Armor: Scale mail        |    42 |    67 |       |       ||   109
       Chain mail        |       |    37 |   275 |   251 ||   563
Dodge: Dodged            |    53 |    83 |   134 |   188 ||   458
       Repelled          |       |     1 |     4 |     4 ||     9
Block: Buckler           |    30 |    44 |   103 |   112 ||   289
